 Dungeon Crawl Stone Soup version 0.30.0-29-ga12c61a403 (webtiles) character file.

Game seed: 12744784429525190786

1901 safid the Chiller (level 9, -2/71 HPs)
             Began as a Merfolk Ice Elementalist on June 12, 2023.
             Killed by nerve-wracking pain
             ... invoked by Menkaure
              (11 damage)
             ... on level 6 of the Dungeon.
             The game lasted 00:11:20 (5171 turns).

safid the Chiller (Merfolk Ice Elementalist)        Turns: 5171, Time: 00:11:21

Health: -2/71      AC: 15    Str:  8    XL:     9   Next: 15%
Magic:  12/17      EV: 13    Int: 24    God:
Gold:   332        SH:  0    Dex: 15    Spells: 7/19 levels left

rFire   . . .        n - +2 whip (flame)
rCold   . . .        (no shield)
rNeg    . . .        a - +0 robe
rPois   .            g - +0 helmet
rElec   .            v - +1 cloak
rCorr   .            (no gloves)
SInv    .            E - +1 pair of boots
Will    .....        (no amulet)
Stlth   ++           l - +6 ring of intelligence
HPRegen 0.31/turn    (no ring)
MPRegen 0.15/turn

%: no passive effects
@: ice-armoured, freezing walls
A: (nimble swimmer 2), mertail
a: no special abilities


You were on level 6 of the Dungeon.
You visited 1 branch of the dungeon, and saw 6 of its levels.

You collected 332 gold pieces.

Inventory:

Hand Weapons
 n - a +2 whip of flaming (weapon)
Armour
 a - a +0 robe (worn)
 g - a +0 helmet (worn)
 v - a +1 cloak (worn)
 E - a +1 pair of boots (worn)
Jewellery
 l - a +6 ring of intelligence (left hand)
 y - a ring of fire
Wands
 A - a wand of light (8)
 D - a wand of paralysis (19)
Scrolls
 c - 2 scrolls of immolation
 f - 2 scrolls of enchant weapon
 i - 3 scrolls of fear
 j - 3 scrolls of teleportation
 o - a scroll of enchant armour {unknown}
 q - 2 scrolls of magic mapping {unknown}
 r - a scroll of blinking {unknown}
 s - a scroll of vulnerability {unknown}
Potions
 b - a potion of magic
 d - a potion of cancellation {unknown}
 e - 7 potions of curing
 h - 4 potions of flight {unknown}
 k - 2 potions of haste {unknown}
 m - 2 potions of mutation {unknown}
 p - a potion of ambrosia {unknown}
 t - a potion of heal wounds {unknown}
 u - a potion of brilliance {unknown}
 w - a potion of berserk rage {unknown}
 x - 2 potions of resistance {unknown}
 z - 2 potions of degeneration {unknown}
 B - a potion of might {unknown}
 C - 4 potions of attraction {unknown}


   Skills:
 + Level 6.5 Fighting
 - Level 4.0 Dodging
 - Level 2.1 Stealth
 + Level 5.6 Spellcasting
 - Level 2.0 Conjurations
 + Level 5.2 Transmutations
 + Level 7.7 Ice Magic


You had 7 spell levels left.
You knew the following spells:

 Your Spells              Type           Power      Damage    Failure   Level
a - Freeze                Ice            100%       1d10      1%          1
b - Frozen Ramparts       Ice            88%        1d14      1%          3
c - Ozocubu's Armour      Ice            44%        N/A       1%          3
d - Irradiate             Conj/Tmut      12%        3d15      45%         5

Your spell library contained the following spells:

 Spells                   Type           Power      Damage    Failure   Level
 Ensorcelled Hibernation  Hex/Ice        50%        N/A       2%          2
 Hailstorm                Conj/Ice       30%        3d8       3%          3
 Passwall                 Tmut/Erth      15%        N/A       4%          2
 Ice Form                 Ice/Tmut       37%        N/A       6%          4
 Apportation              Tloc           12%        N/A       9%          1
 Static Discharge         Conj/Air       22%        2-3/arc   9%          2
 Summon Ice Beast         Ice/Summ       25%        N/A       17%         4
 Swiftness                Air            6%         N/A       26%         3
 Blade Hands              Tmut           15%        N/A       26%         5
 Alistair's Intoxication  Tmut/Pois      12%        N/A       61%         5
 Airstrike                Air            3%         2d(1-17)  63%         4
 Summon Lightning Spire   Summ/Air       6%         N/A       63%         4
 Simulacrum               Ice/Necr       12%        N/A       95%         6
 Dragon Form              Tmut           15%        N/A       100%        7


Dungeon Overview and Level Annotations

Branches:
Dungeon (6/15)
 Temple: D:4-7

Altars:
Xom
Zin

Shops:
D:5 (

Annotations:
D:3 3 runed translucent doors, Irreverend's ghost, amateur DsFi
D:6 Grinder; Menkaure


Innate Abilities, Weirdness & Mutations

((You are very nimble when in or above water. (Stealth+, EV+, Speed+++)))
Your lower body shifts to a powerful aquatic tail in water.


Message History

Unknown command.
Unknown command.
Unknown command.
Menkaure resists.
The wall freezes Menkaure.
Unknown command.
You hit Menkaure but do no damage.
Menkaure is moderately damaged.
Menkaure resists.
The wall freezes Menkaure.
Menkaure completely misses you.
An adder comes into view.
Menkaure completely resists.
The wall freezes Menkaure but does no damage.
Menkaure hits you!
Grinder blinks!
The wall freezes the jelly.
You hit Menkaure. You burn Menkaure.
Menkaure is heavily damaged.
The wall freezes Menkaure but does no damage.
Menkaure closely misses you.
The wall freezes the jelly!
You kill the jelly!
Unknown command.
You hit Menkaure. You burn Menkaure.
Menkaure is heavily damaged.
Menkaure resists.
The wall freezes Menkaure.
Menkaure points at you and mumbles some strange words.
Pain shoots through your body!
* * * LOW HITPOINT WARNING * * *
The ice beast completely resists.
The wall freezes the ice beast but does no damage.
Unknown command.
You barely miss Menkaure.
Menkaure is severely damaged.
Menkaure resists.
The wall freezes Menkaure.
Menkaure calls on the powers of darkness!
Your body is wracked with pain!
* * * LOW HITPOINT WARNING * * *
The ice beast convulses!
The adder convulses!
The iguana convulses!
The ice beast completely resists.
The wall freezes the ice beast but does no damage.
The wall freezes Menkaure but does no damage.
Menkaure casts a spell at you. Pain shoots through your body!
You die...

#.. . #.. ##. ## #####..
#.... #....). ##.#.
#...... ... #...... #.#
######......
>.######.####...##......
....SYM@....#.#.#####.##
..5$l.###.....#.#####...
..### ##..............
#......########
#......#####
##..)......# #.........#
####.........#
#............# #


You could see Grinder, an ice beast, Menkaure (fast), an iguana and an adder.

Vanquished Creatures
  Pikel (D:5)
  Sigmund (D:3)
  A water moccasin (D:5)
  2 ogres (D:5)
  3 centaurs
  3 lemures (D:5)
  A phantom (D:3)
  2 scorpions (D:5)
  A hound (D:6)
  2 jellies
  A gnoll bouda (D:6)
  A sleepcap (D:5)
  3 orc wizards
  Terence (D:2)
  8 gnolls
  15 adders
  A shadow imp (D:6)
  A white imp (D:6)
  3 worms
  8 dart slugs
  22 orcs
  4 endoplasms
  3 giant cockroaches
  7 goblins
  8 hobgoblins
  2 quokkas
  5 ball pythons
  4 bats
  3 frilled lizards
  6 kobolds
  6 rats
129 creatures vanquished.

Notes
Turn   | Place    | Note
-------+----------+-------------------------------------------
     0 | D:1      | safid the Merfolk Ice Elementalist began the quest for the
                  | Orb.
     0 | D:1      | Reached XP level 1. HP: 13/13 MP: 3/3
   163 | D:1      | Reached XP level 2. HP: 20/20 MP: 1/5
   174 | D:1      | Reached skill level 1 in Fighting
   914 | D:2      | Reached XP level 3. HP: 18/26 MP: 4/6
   918 | D:2      | Learned a level 3 spell: Frozen Ramparts
  1090 | D:2      | Learned a level 3 spell: Ozocubu's Armour
  1223 | D:2      | Noticed Terence
  1233 | D:2      | Killed Terence
  1234 | D:2      | Reached skill level 5 in Ice Magic
  1234 | D:2      | Reached XP level 4. HP: 14/33 MP: 4/8
  1509 | D:2      | You fall into a shaft and drop 2 floors!
  1717 | D:3      | Reached XP level 5. HP: 29/39 MP: 2/9
  2544 | D:3      | Noticed Sigmund
  2547 | D:3      | Noticed a phantom
  2560 | D:3      | Killed Sigmund
  2561 | D:3      | Reached XP level 6. HP: 39/48 MP: 2/11
  2580 | D:3      | Reached skill level 6 in Ice Magic
  2727 | D:3      | Found a runed translucent gate.
  2763 | D:3      | Found a runed translucent gate.
  2763 | D:3      | Found a runed translucent gate.
  2765 | D:3      | Identified the +0 leather armour "Vomaamm" {rF- Will+ Str+4
                  | Dex+5}
  2767 | D:3      | Noticed Irreverend's ghost (amateur DsFi)
  3326 | D:4      | Reached XP level 7. HP: 54/54 MP: 9/13
  3558 | D:4      | Learned a level 5 spell: Irradiate
  3574 | D:5      | Entered Level 5 of the Dungeon
  3587 | D:5      | Reached skill level 1 in Transmutations
  3819 | D:5      | Found a shimmering altar of Xom.
  3839 | D:5      | Reached skill level 1 in Conjurations
  4045 | D:5      | Reached XP level 8. HP: 27/61 MP: 5/14
  4264 | D:5      | Noticed Pikel
  4291 | D:5      | Killed Pikel
  4292 | D:5      | Reached skill level 5 in Fighting
  4292 | D:5      | Reached skill level 5 in Spellcasting
  4292 | D:5      | Reached skill level 7 in Ice Magic
  4543 | D:5      | Found Sepporob's Antique Weapon Shoppe.
  4860 | D:5      | Found a glowing silver altar of Zin.
  5008 | D:6      | Reached XP level 9. HP: 65/69 MP: 6/17
  5119 | D:6      | Reached skill level 5 in Transmutations
  5159 | D:6      | Noticed Grinder
  5160 | D:6      | Noticed Menkaure
  5171 | D:6      | Killed from afar by Menkaure

Illustrated notes

Levels and vault maps discovered:
D:1:      dpeg_arrival_rooms_b, layout_basic, solitary_fountain,
          grunt_decor_arrowhead, minivault_27
D:2:      layout_loops_ring, uniq_terence
D:3:      layout_loops_ring, biasface_ghost_orc_armoury, uniq_sigmund
D:4:      layout_cave_pools
D:5:      layout_gridville, xom_butterflies, kennysheep_mini, serial_shops,
          shop, minmay_misc_feat_rugged, hellmonk_bongcloud_opening, uniq_pikel
D:6:      layout_basic, grunt_temple_overflow_holy_war, portal_sewer_entry_e,
          uniq_menkaure, uniq_grinder

Skill      XL: |  1  2  3  4  5  6  7  8  9 |
---------------+----------------------------+-----
Fighting       | 1 2 3 4 6 |  6.5
Ice Magic      | 5 6 7 |  7.7
Spellcasting   | 3 4 5 |  5.6
Dodging        | 4 |  4.0
Transmutations | 2 4 5 |  5.2
Conjurations   | 1 2 |  2.0
Stealth        | |  2.1

Action                     |  1- 3 |  4- 6 |  7- 9 || total
---------------------------+-------+-------+-------++-------
  Melee: Unarmed           |     5 |       |       ||     5
         Club              |    11 |       |       ||    11
         Spear             |    27 |   143 |    86 ||   256
         Punch             |       |     1 |     3 ||     4
         Whip              |       |       |    48 ||    48
   Cast: Freeze            |    31 |    47 |    24 ||   102
         Frozen Ramparts   |     1 |     2 |    20 ||    23
         Ozocubu's Armour  |       |     2 |    12 ||    14
    Use: Scroll            |       |       |     4 ||     4
   Stab: Sleeping          |     3 |     5 |     1 ||     9
         Distracted        |       |     1 |       ||     1
 Armour: Robe              |     6 |    39 |    58 ||   103
  Dodge: Dodged            |    29 |    90 |   114 ||   233
